 Dungeon Crawl Stone Soup version 0.32-a0-20-ge526923d97 (webtiles) character file.

Game seed: 17584157318567605387

352 Khashishi the Sneak (level 6, -1/41 HPs)
             Began as an Octopode Shapeshifter on Jan 18, 2024.
             Slain by a gnoll
             ... wielding a +0 spear
             ... led by a gnoll bouda
              (7 damage)
             ... on level 5 of the Dungeon.
             The game lasted 00:15:20 (2818 turns).

Khashishi the Sneak (Octopode Shapeshifter)         Turns: 2818, Time: 00:15:21

Health: -1/41      AC:  1    Str: 13    XL:     6   Next: 62%
Magic:  6/6        EV: 14    Int: 12    God:
Gold:   230        SH:  0    Dex: 14    Spells: 3/5 levels left

rFire   . . .        s - +12 war axe "Lunetymast" {heavy, Will+}
rCold   . . .        (no shield)
rNeg    . . .        (helmet currently unavailable)
rPois   .            (no amulet)
rElec   .            e - ring of willpower
rCorr   .            (no ring)
SInv    .            (no ring)
Will    ++...        (no ring)
Stlth   +++          (no ring)
HPRegen 0.26/turn    (no ring)
MPRegen 0.10/turn    (no ring)
                     (no ring)

%: no passive effects
@: beast-form
A: beast (slay +2), almost no armour, amphibious, 8 rings, camouflage 1,
gelatinous body 1, (nimble swimmer 1), tentacles
a: Begin Untransformation


You were on level 5 of the Dungeon.
You were a hulking beast.
You visited 1 branch of the dungeon, and saw 5 of its levels.

You collected 230 gold pieces.

Inventory:

Hand Weapons
 i - a +1 dagger of freezing
 s - the +12 war axe "Lunetymast" (weapon) {heavy, Will+}
   (You found it on level 4 of the Dungeon)

   Will+:     It increases your willpower.
Missiles
 k - 3 poisoned darts (quivered)
 o - 18 stones
Jewellery
 e - a ring of willpower (left tentacle)
Talismans
 b - a beast talisman (active)
 c - a flux talisman
Wands
 l - a wand of iceblast (8)
 p - a wand of flame (17)
Scrolls
 f - 4 scrolls of fear
 j - 2 scrolls of teleportation
 m - 2 scrolls of noise {unknown}
 u - a scroll of amnesia {unknown}
 w - a scroll of blinking {unknown}
 x - a scroll of vulnerability {unknown}
Potions
 a - a potion of lignification
 d - 7 potions of curing
 h - a potion of might
 n - a potion of heal wounds
 q - a potion of enlightenment
 r - a potion of attraction
 t - a potion of invisibility {unknown}
 v - a potion of degeneration {unknown}


   Skills:
 + Level 2.8 Fighting
 + Level 1.6 Axes
 + Level 3.4 Dodging
 + Level 3.6 Stealth
 - Level 3.5 Unarmed Combat
 + Level 2.1 Translocations
 - Level 3.5 Shapeshifting


You had 3 spell levels left.
You knew the following spells:

 Your Spells              Type           Power      Damage    Failure   Level
b - Blink                 Tloc           10%        N/A       22%         2

Your spell library contained the following spells:

 Spells                   Type           Power      Damage    Failure   Level
 Lesser Beckoning         Tloc           10%        N/A       22%         2
 Freeze                   Ice            0%         1d3       32%         1
 Momentum Strike          Conj/Tloc      4%         3d8       32%         2
 Mercury Vapours          Alch/Air       0%         N/A       45%         2
 Frozen Ramparts          Ice            0%         1d1       69%         3
 Hailstorm                Conj/Ice       0%         3d5       69%         3
 Mephitic Cloud           Conj/Alch/Air  0%         N/A       69%         3
 Freezing Cloud           Conj/Ice/Air   0%         6-21      100%        5


Dungeon Overview and Level Annotations

Branches:
Dungeon (5/15)
 Temple: D:4-7

Altars:


Innate Abilities, Weirdness & Mutations

You are a hulking beast.
Your limbs bulge with bestial killing power. (Slay +2)
You cannot wear most types of armour.
You are amphibious.
You can wear up to eight rings at the same time.
Your skin changes colour to match your surroundings (Stealth+).
Your rubbery body absorbs attacks. (AC +1, EV +1)
((You are camouflaged when in or above water. (Stealth+)))
You have tentacles for arms and can constrict up to eight enemies at once.


Message History

You slice the gnoll!!
You kill the gnoll!
You slash the gnoll bouda! You grab the gnoll bouda.
The gnoll bouda is severely wounded.
You constrict the gnoll bouda. The gnoll bouda closely misses you.
The gnoll bouda misses you.
You slash the gnoll bouda!
You kill the gnoll bouda!
You kill the gnoll!
The gnoll closely misses you. The gnoll hits you with a +0 whip.
The gnoll barely misses you.
Your Translocations skill increases to level 2!
You closely miss the gnoll. You grab the gnoll. You constrict the gnoll.
The gnoll hits you with a +0 whip.
The gnoll hits you from afar with a +0 spear!
The gnoll closely misses you.
The gnoll hits you from afar with a +0 spear.
* * * LOW HITPOINT WARNING * * *
The gnoll closely misses you.
You feel much better.
You constrict the gnoll.
The gnoll hits you from afar with a +0 spear.
The gnoll misses you.
You slice the gnoll!!
You kill the gnoll!
The gnoll hits you from afar with a +0 spear. x2
The jelly closely misses you.
You slash the jelly!
Your tentacles burn!
The jelly is severely wounded.
The gnoll is no longer moving quickly.
The jelly closely misses you. The gnoll closely misses you.
The jelly closely misses you.
You slice the jelly!!
You kill the jelly!
The gnoll hits you from afar with a +0 spear.
The gnoll barely misses you. The gnoll misses you.
You closely miss the gnoll. You grab the gnoll.
You constrict the gnoll, but do no damage.
The gnoll hits you with a +0 spear!
* * * LOW HITPOINT WARNING * * *
The gnoll hits you with a +0 spear!
You die...

############
..#........
#######
..........
#.....##
..(.(...(
##.....##
#).(.g...
#.....<###)#
#........#.#
##.......hg#
#.........#
##........##
#.........##
#####
##.........#
###....##
##........#
##........
#........#
##.........
###.....##
#..........
##..)##
#..........


You could see a gnoll.

Vanquished Creatures
  2 jellies
  A gnoll bouda (D:5)
  2 hounds (D:4)
  An orc priest (D:3)
  3 gnolls (D:5)
  4 adders
  2 ufetubi (D:5)
  4 dart slugs
  A ribbon worm (D:2)
  7 orcs
  11 endoplasms
  5 giant cockroaches
  6 hobgoblins
  3 jackals (D:2)
  9 kobolds
  3 quokkas (D:1)
  7 ball pythons
  4 bats
  2 frilled lizards
  8 goblins
  4 rats
89 creatures vanquished.

Notes
Turn   | Place    | Note
-------+----------+-------------------------------------------
     0 | D:1      | Khashishi the Octopode Shapeshifter began the quest for the
                  | Orb.
     0 | D:1      | Reached XP level 1. HP: 13/13 MP: 1/1
   147 | D:1      | Reached XP level 2. HP: 18/18 MP: 2/2
   163 | D:1      | Reached skill level 1 in Stealth
   345 | D:1      | Reached XP level 3. HP: 22/23 MP: 3/3
   448 | D:1      | Learned a level 2 spell: Blink
  1129 | D:2      | Reached XP level 4. HP: 27/29 MP: 4/4
  1284 | D:2      | Found a faded altar of an unknown god.
  2038 | D:4      | Reached skill level 1 in Translocations
  2038 | D:4      | Reached XP level 5. HP: 32/34 MP: 5/5
  2058 | D:4      | Identified the +12 war axe "Lunetymast" {heavy, Will+}
  2187 | D:4      | Identified the +3 helmet "Aruerphol" {Regen+ Str-2 Dex+6}
  2539 | D:3      | Reached skill level 1 in Axes
  2539 | D:3      | Reached XP level 6. HP: 17/41 MP: 6/6
  2688 | D:5      | Entered Level 5 of the Dungeon
  2818 | D:5      | Slain by a gnoll

Illustrated notes

Levels and vault maps discovered:
D:1:      lemuel_arrival_rhombus, layout_basic
D:2:      layout_basic, ebering_ecumenical_altar_webs
D:3:      kennysheep_big_flooded_room, layout_rooms, minmay_misc_feat_roman
D:4:      layout_loops_ring
D:5:      layout_cave_pods

Skill      XL: |  1  2  3  4  5  6 |
---------------+-------------------+-----
Stealth        | 1 2 3 |  3.6
Fighting       | 2 |  2.8
Translocations | 1 2 |  2.1
Dodging        | 3 |  3.4
Axes           | 1 |  1.6
Unarmed Combat | |  3.5
Shapeshifting  | |  3.5

Action                     |  1- 3 |  4- 6 || total
---------------------------+-------+-------++-------
  Melee: Unarmed           |    70 |    34 ||   104
         Constrict         |    13 |    18 ||    31
         Tentacles         |     8 |    12 ||    20
         Punch             |     3 |     2 ||     5
         War axe           |       |    40 ||    40
  Throw: Dart              |     1 |     4 ||     5
Ability: Begin Untransform |       |     2 ||     2
    Use: Potion            |     1 |     1 ||     2
         Scroll            |       |     6 ||     6
   Stab: Sleeping          |    13 |    13 ||    26
 Armour: Skin              |    18 |    39 ||    57
  Dodge: Dodged            |    38 |    53 ||    91
   Form: Beast             |     2 |     2 ||     4
                           |     1 |       ||     1

Table legend: (Time is in decaauts)
 A = Elapsed time spent in this place.
 B = Non-inter-level travel time spent in this place.
 C = Inter-level travel time spent in this place.
 D = Time resting spent in this place.
 E = Time spent auto-exploring this place.
 F = Levels seen in this place.
 G = Mean time per level.
                   A        B        C        D        E       F      G
               +--------+--------+--------+--------+--------+-----+--------+
         Total |   2855 |   2568 |    287 |     64 |   1288 |   5 |  571.0 |
       Dungeon |   2855 |   2568 |    287 |     64 |   1288 |   5 |  571.0 |
               +--------+--------+--------+--------+--------+-----+--------+

Top non-repeatable levels by time:
     D:1: 881 daAuts
     D:2: 724 daAuts
     D:4: 587 daAuts
     D:3: 578 daAuts
     D:5: 84 daAuts
